 Dungeon Crawl Stone Soup version 0.28-a0-32-g8dfe7f97f6 (webtiles) character file.

Game seed: 12431171374381437868

0 willcat the Sneak (level 1, -6/14 HPs)
             Began as a Kobold Delver on July 27, 2021.
             Mangled by a lemure (7 damage)
             ... led by Pikel
             ... on level 7 of the Dungeon.
             The game lasted 00:00:08 (13 turns).

willcat the Sneak (Kobold Delver)                     Turns: 13, Time: 00:00:08

Health: -6/14      AC:  3    Str:  9    XL:     1   Next: 0%
Magic:  1/1        EV: 14    Int: 11    God:
Gold:   0          SH:  0    Dex: 16    Spells: 0/0 levels left

rFire   . . .      SeeInvis .   a - +0 short sword
rCold   . . .      Faith    .   (shield restricted)
rNeg    . . .      Spirit   .   b - +0 leather armour
rPois   .          Reflect  .   (no helmet)
rElec   .          Harm     .   (no cloak)
rCorr   .          Rampage  .   (no gloves)
Will    .....                   (no boots)
Stlth   ++++......              (no amulet)
HPRegen 0.04/turn               (no ring)
MPRegen 0.07/turn               (no ring)

@: no status effects
A: small, no large weapons, nightstalker 3
a: no special abilities


You were on level 7 of the Dungeon.
You visited 1 branch of the dungeon, and saw 3 of its levels.

Inventory:

Hand Weapons
 a - a +0 short sword (weapon)
Armour
 b - a +0 leather armour (worn)
Wands
 g - a wand of digging (3)
Scrolls
 c - a scroll of fog
 d - a scroll of magic mapping
 e - a scroll of fear
 h - a scroll of teleportation {unknown}
Potions
 f - a potion of haste


   Skills:
 - Level 3.2 Fighting
 + Level 2.6 Short Blades
 - Level 2.4 Dodging
 + Level 6.6 Stealth


You couldn't memorise any spells.
You didn't know any spells.
Your spell library was empty.

Dungeon Overview and Level Annotations

Branches:
Dungeon (7/15)
 Temple: D:4-7

Altars:

Annotations:
D:6 Pikel


Innate Abilities, Weirdness & Mutations

You are small and have problems with some larger weapons.
You are completely attuned to the shadows.


Message History

You hear the sound of rushing water.
There is an entrance to a sewer on this level.
Hurry and find it before the portal rusts away!
Welcome, willcat the Kobold Delver.
It is said that the Orb of Zot exists deep within this dungeon.
Press ? for a list of commands and other information.
Found a stone staircase leading down.
You climb downwards.
Found 17 stones and a scroll labelled BYGO HIROSIRO.
There is a stone staircase leading up here.
Unknown command.
Found a stone staircase leading down.
h - a scroll labelled BYGO HIROSIRO A lemure comes into view.
The lemure shouts!
You hear a shout! x2
Pikel the Slaver comes into view.
He is wielding a +0 whip of flaming.
A lemure comes into view. x2
The lemure shouts!
You hear a shout!
A lemure comes into view.
The lemure shouts!
Pikel waves his whip at you. The lemure barely misses you.
Found a stone staircase leading up.
There is a stone staircase leading down here.
Unknown command.
The lemure hits you. The lemure hits you!
Ouch! That really hurt!
* * * LOW HITPOINT WARNING * * *
You climb downwards. 2 orcs, an orc warrior and an orc priest come into view.
There is a stone staircase leading up here.
Unknown command.
An orc comes into view. It is wielding a +0 short sword.
The helpless orc priest fails to defend itself.
You impale the orc priest!!
You kill the orc priest!
The lemure hits you!
Ouch! That really hurt!
You die...

....
....
....##
.....##
#..55#
##..@#
##.)o#
##.o.#
##..o#
#o..


You could see an orc warrior (asleep), 2 lemures and 3 orcs.

Vanquished Creatures
  An orc priest (D:7)
1 creature vanquished.

Notes
Turn   | Place    | Note
-------+----------+-------------------------------------------
     0 | D:5      | willcat the Kobold Delver began the quest for the Orb.
     0 | D:5      | Reached XP level 1. HP: 14/14 MP: 1/1
     7 | D:6      | Noticed a lemure
     7 | D:6      | Noticed Pikel
     7 | D:6      | Noticed a lemure
     7 | D:6      | Noticed a lemure
     8 | D:6      | Noticed a lemure
    11 | D:7      | Noticed an orc warrior
    11 | D:7      | Noticed an orc priest
    13 | D:7      | Killed an orc priest
    13 | D:7      | Mangled by a lemure

Illustrated notes

Levels and vault maps discovered:
D:5:      layout_basic, nemelex_xobeh_ov_fountains_minmay,
          mainiacjoe_overflow_surrounded_room, portal_sewer_entry_d,
          minmay_crossroads
D:6:      layout_gridville, nicolae_zen_rock_garden, kennysheep_generic_room_11,
          uniq_pikel, uniq_prince_ribbit1
D:7:      layout_layer_cave, grunt_temple_overflow_open, minivault_27

Action                   || total
-------------------------++-------
Melee: Short sword       ||     1
 Stab: Sleeping          ||     1
Dodge: Dodged            ||     1

Table legend: (Time is in decaauts)
 A = Elapsed time spent in this place.
 B = Non-inter-level travel time spent in this place.
 C = Inter-level travel time spent in this place.
 D = Time resting spent in this place.
 E = Time spent auto-exploring this place.
 F = Levels seen in this place.
 G = Mean time per level.
                   A        B        C        D        E       F      G
               +--------+--------+--------+--------+--------+-----+--------+
         Total |     12 |     12 |      0 |      0 |      0 |   3 |    4.0 |
       Dungeon |     12 |     12 |      0 |      0 |      0 |   3 |    4.0 |
               +--------+--------+--------+--------+--------+-----+--------+

Top non-repeatable levels by time:
     D:6: 9 daAuts
     D:7: 1 daAuts
     D:5: 1 daAuts
